 Dungeon Crawl Stone Soup version 0.27-a0-604-g29a88b33a7 (webtiles) character file.

Game seed: 11767541226751229322

107 Nolbo the Ruffian (level 4, 0/37 HPs)
             Began as a Draconian Transmuter on Mar 11, 2021.
             Slain by an orc wizard
             ... wielding a +0 dagger
              (1 damage)
             ... on level 3 of the Dungeon on Mar 12, 2021.
             The game lasted 00:02:25 (3490 turns).

Nolbo the Ruffian (Draconian Transmuter)            Turns: 3490, Time: 00:02:25

Health: 0/37       AC:  5    Str: 13    XL:     4   Next: 57%
Magic:  8/8        EV: 12    Int: 14    God:
Gold:   123        SH:  0    Dex: 11    Spells: 5/8 levels left

rFire    + . .     SeeInvis .     - Unarmed
rCold    + + .     Faith    .   (no shield)
rNeg     . . .     Spirit   .   (armour unavailable)
rPois    .         Reflect  .   (helmet restricted)
rElec    .         Harm     .   i - scarf {rC+ rF+}
rCorr    .         Rampage  .   (no gloves)
Will     +....                  (no boots)
Stlth    +.........             (no amulet)
HPRegen  0.12/turn              d - ring of willpower
MPRegen  0.11/turn              j - ring of protection from cold

@: no status effects
A: unfitting armour, cold-blooded, AC +5
a: no special abilities


You were on level 3 of the Dungeon.
You visited 1 branch of the dungeon, and saw 3 of its levels.

You collected 123 gold pieces.

Inventory:

Armour
 i - a scarf of resistance (worn)
Jewellery
 d - a ring of willpower (right hand)
 j - a ring of protection from cold (left hand)
Scrolls
 b - a scroll of magic mapping {unknown}
 e - 3 scrolls of amnesia {unknown}
 f - a scroll of teleportation {unknown}
 h - a scroll of enchant armour {unknown}
Potions
 a - 2 potions of cancellation {unknown}
 c - 3 potions of curing {unknown}
 g - a potion of degeneration {unknown}


   Skills:
 + Level 2.5 Fighting
 - Level 1.7 Dodging
 + Level 3.7 Unarmed Combat
 + Level 2.8 Spellcasting
 + Level 2.9 Transmutations


You had 5 spell levels left.
You knew the following spells:

 Your Spells              Type           Power      Damage    Failure   Level
a - Beastly Appendage     Tmut           20%        N/A       6%          1
b - Wereblood             Tmut           10%        N/A       10%         2

Your spell library contained the following spells:

 Spells                   Type           Power      Damage    Failure   Level
 Spider Form              Tmut/Pois      3%         N/A       34%         3
 Ice Form                 Ice/Tmut       6%         N/A       75%         4
 Blade Hands              Tmut           5%         N/A       87%         5


Dungeon Overview and Level Annotations

Branches:
Dungeon (3/15)

Altars:
Fedhas
Nemelex Xobeh
Qazlal
The Shining One

Annotations:
D:2 exclusion: oklob plant


Innate Abilities, Weirdness & Mutations

Your plain brown scales are hard. (AC +5)
You cannot fit into any form of body armour.
You are cold-blooded and may be slowed by cold attacks.


Message History

The frilled lizard bites you but does no damage.
The orc wizard closely misses you.
You miss the orc wizard.
You tail-slap the orc wizard, but do no damage.
The orc wizard is moderately wounded.
The frilled lizard misses you.
The orc wizard hits you with a +0 dagger.
* * * LOW HITPOINT WARNING * * *
You closely miss the orc wizard.
You tail-slap the orc wizard, but do no damage.
The orc wizard is moderately wounded.
The frilled lizard barely misses you. The orc wizard barely misses you.
You closely miss the orc wizard.
The orc wizard is moderately wounded.
The frilled lizard barely misses you. The orc wizard misses you.
You closely miss the orc wizard.
The orc wizard is moderately wounded.
The frilled lizard barely misses you.
The orc wizard gestures at itself while chanting.
The orc wizard flickers and vanishes!
Deactivating autopickup; reactivate with Ctrl-A.
You closely miss something.
Your tail-slap misses something.
The frilled lizard closely misses you. Something hits you but does no damage.
You hit something. The frilled lizard barely misses you.
Something hits you but does no damage.
You miss something.
Your tail-slap misses something.
The frilled lizard bites you but does no damage.
Something hits you.
* * * LOW HITPOINT WARNING * * *
You closely miss something.
The frilled lizard bites you but does no damage.
Something barely misses you.
You closely miss something. The frilled lizard bites you.
* * * LOW HITPOINT WARNING * * *
You closely miss something. Something hits you.
* * * LOW HITPOINT WARNING * * *
The frilled lizard bites you.
* * * LOW HITPOINT WARNING * * *
You hit something. Something hits you.
You die...

######### #.......#
##.####.### #### #.#
#....# ...# #.#
#....#######. ...#
########.###............
...#
.......@..##............
...#
.....?l{).##...........
...#
..........##.........#
...#
......##.####........#
....# ...... ...
#...†....# . ....#
...... .... #.##†....#..
...... .....
.....#........#..
.##.... .....
....####......). .# ....
. ..>............


You could see a frilled lizard.

Vanquished Creatures
  3 adders
  2 oozes (D:1)
  2 dart slugs
  A leopard gecko (D:2)
  3 orcs (D:3)
  3 giant cockroaches
  7 goblins
  9 hobgoblins
  4 jackals
  2 quokkas (D:2)
  8 bats
  4 frilled lizards
  6 kobolds
  9 rats
63 creatures vanquished.

Notes
Turn   | Place    | Note
-------+----------+-------------------------------------------
     0 | D:1      | Nolbo the Draconian Transmuter began the quest for the Orb.
     0 | D:1      | Reached XP level 1. HP: 16/16 MP: 3/3
   104 | D:1      | Reached XP level 2. HP: 23/23 MP: 5/5
   793 | D:1      | Reached XP level 3. HP: 25/29 MP: 6/6
  1234 | D:2      | Found a stormy altar of Qazlal.
  1244 | D:2      | Found a glowing golden altar of the Shining One.
  1293 | D:2      | Upgraded the game from 0.27-a0-597-g524d869a0f to
                  | 0.27-a0-604-g29a88b33a7
  1487 | D:2      | Learned a level 2 spell: Wereblood
  2023 | D:2      | Reached XP level 4. HP: 36/36 MP: 7/7
  2269 | D:2      | Found a blossoming altar of Fedhas.
  2283 | D:2      | Noticed an oklob plant
  3298 | D:3      | Found a sparkling altar of Nemelex Xobeh.
  3489 | D:3      | HP: 1/37 [frilled lizard (1)]
  3490 | D:3      | Slain by an orc wizard

Illustrated notes

Levels and vault maps discovered:
D:1:      roderic_octagonal_star, layout_basic
D:2:      layout_basic, grunt_temple_overflow_open, hangedman_feature_mirror,
          tgw_fedhas
D:3:      layout_basic, lemuel_doored_altar, uniq_jessica

Skill      XL: |  1  2  3 |
---------------+----------+-----
Fighting       | 2 |  2.5
Dodging        | |  1.7
Unarmed Combat | |  3.7
Spellcasting   | |  2.8
Transmutations | |  2.9

Action                   |  1- 3 |  4- 6 || total
-------------------------+-------+-------++-------
Melee: Unarmed           |   141 |   126 ||   267
       Tailslap          |    14 |     9 ||    23
       Headbutt          |     2 |       ||     2
       Punch             |     1 |       ||     1
 Cast: Beastly Appendage |     1 |       ||     1
 Stab: Sleeping          |     1 |     1 ||     2
Armor: Skin              |    61 |    50 ||   111
Dodge: Dodged            |   104 |    86 ||   190

Table legend: (Time is in decaauts)
 A = Elapsed time spent in this place.
 B = Non-inter-level travel time spent in this place.
 C = Inter-level travel time spent in this place.
 D = Time resting spent in this place.
 E = Time spent auto-exploring this place.
 F = Levels seen in this place.
 G = Mean time per level.
                   A        B        C        D        E       F      G
               +--------+--------+--------+--------+--------+-----+--------+
         Total |   3473 |   3431 |     42 |    187 |   2767 |   3 | 1157.7 |
       Dungeon |   3473 |   3431 |     42 |    187 |   2767 |   3 | 1157.7 |
               +--------+--------+--------+--------+--------+-----+--------+

Top non-repeatable levels by time:
     D:2: 1701 daAuts
     D:1: 1027 daAuts
     D:3: 744 daAuts
